 Dungeon Crawl Stone Soup version 0.31-a0-675-g238779eb0a (webtiles) character file.

Game seed: 14010283750801159936

47 qw the Shooter (level 3, 0/22 HPs)
             Began as a Gargoyle Hunter on Sept 5, 2023.
             Slain by a quokka (2 damage)
             ... on level 2 of the Dungeon.
             The game lasted 00:00:32 (1068 turns).

qw the Shooter (Gargoyle Hunter)                    Turns: 1068, Time: 00:00:33

Health: 0/22       AC:  8    Str: 14    XL:     3   Next: 70%
Magic:  3/3        EV: 10    Int:  9    God:
Gold:   71         SH:  0    Dex: 15    Spells: 2/2 levels left

rFire   . . .        Y - +0 shortbow
rCold   . . .        (shield currently unavailable)
rNeg    + . .        d - +0 ring mail
rPois   inf          (no helmet)
rElec   +            (no cloak)
rCorr   .            (no gloves)
SInv    .            (no boots)
Will    .....        (no amulet)
Stlth   +            (no ring)
HPRegen 0.23/turn    (no ring)
MPRegen 0.08/turn

%: no passive effects
@: no status effects
A: sickness immunity, AC +3, negative energy resistance 1, electricity
resistance, torment resistance 1, petrification resistance
a: no special abilities


You were on level 2 of the Dungeon.
You visited 1 branch of the dungeon, and saw 2 of its levels.

You collected 71 gold pieces.


Innate Abilities, Weirdness & Mutations

You are immune to sickness and miasma.
Your stone body is resilient. (AC +3)
You are immune to poison.
You resist negative energy. (rN+)
You are resistant to electric shocks. (rElec)
You are resistant to unholy torment.
You are immune to petrification.


   Skills:
 + Level 2.6 Fighting
 - Level 5.0 Ranged Weapons
 - Level 1.0 Armour
 - Level 1.5 Dodging
 - Level 1.1 Stealth


You had 2 spell levels left.
You didn't know any spells.
Your spell library was empty.

Inventory:

Hand Weapons
 Y - a +0 shortbow (weapon)
Armour
 d - a +0 ring mail (worn)
Scrolls
 b - a scroll of identify {unknown}
Potions
 a - a potion of lignification {unknown}

Dungeon Overview and Level Annotations

Branches:
Dungeon (2/15)

Altars:


Message History

The quokka bites you but does no damage.
You shoot an arrow. The arrow barely misses the adder.
The kobold hits you with a +0 short sword.
The adder barely misses you. The quokka barely misses you.
The kobold misses you. The adder barely misses you.
You shoot an arrow. The arrow hits the adder!
The adder is severely wounded.
The quokka bites you. The adder bites you.
The kobold hits you but does no damage. The quokka barely misses you.
You shoot an arrow. The arrow barely misses the adder.
The adder barely misses you. The quokka barely misses you.
The kobold barely misses you. The adder barely misses you.
You shoot an arrow. The arrow closely misses the adder.
The quokka bites you. The kobold hits you but does no damage.
The adder barely misses you.
The quokka bites you but does no damage.
The kobold hits you but does no damage.
You shoot an arrow. The arrow misses the adder.
The adder bites you.
The quokka bites you but does no damage.
The adder bites you but does no damage.
The kobold hits you with a +0 short sword.
You shoot an arrow. The arrow closely misses the adder.
The quokka bites you but does no damage.
The adder misses you. The kobold hits you but does no damage.
The quokka bites you but does no damage.
The adder closely misses you.
You shoot an arrow. The arrow hits the adder.
The adder is almost dead.
The adder closely misses you. The kobold hits you but does no damage.
The quokka closely misses you.
You shoot an arrow. The arrow closely misses the adder.
The adder closely misses you.
The quokka bites you but does no damage.
The kobold hits you but does no damage. The adder barely misses you.
The quokka misses you.
You shoot an arrow. The arrow hits the adder.
You kill the adder!
The kobold hits you but does no damage. The quokka bites you.
You die...

.#
#...............####
.# ############>.###
.# #.## ## #.# #.#
#.# #.# #.# #@#
......)rK..#
..........##
..........#
..........#
..........#
..........#
..........#


You could see a quokka and a kobold.

Vanquished Creatures
  An adder (D:2)
  A dart slug (D:2)
  7 bats
  5 endoplasms
  A giant cockroach (D:2)
  3 goblins
  8 hobgoblins
  5 kobolds
  A quokka (D:1)
  2 ball pythons
  4 frilled lizards
  4 rats (D:1)
42 creatures vanquished.

Notes
Turn   | Place    | Note
-------+----------+-------------------------------------------
     0 | D:1      | qw the Gargoyle Hunter began the quest for the Orb.
     0 | D:1      | Reached XP level 1. HP: 12/12 MP: 1/1
     0 | D:1      | 0 ||| qw: Version: 0.3-a-75-g829b12e
     0 | D:1      | 0 ||| qw: Game counter: 168
     0 | D:1      | 0 ||| qw: Melee chars always use a shield: true
     0 | D:1      | 0 ||| qw: God list: Okawaru
     0 | D:1      | 0 ||| qw: Allow faded altars: false
     0 | D:1      | 0 ||| qw: Do Orc after clearing Dungeon:15 true
     0 | D:1      | 0 ||| qw: Do second Lair branch before Depths: true
     0 | D:1      | 0 ||| qw: Lair rune preference: random
     0 | D:1      | 0 ||| qw: Goals: Normal
     0 | D:1      | 0 ||| PLANNING D:1-11
    36 | D:1      | Reached XP level 2. HP: 17/17 MP: 2/2
   367 | D:1      | Reached XP level 3. HP: 21/21 MP: 3/3
   515 | D:1      | Reached skill level 5 in Ranged Weapons
   649 | D:1      | 649 ||| UPGRADING to +0 ring mail.
   659 | D:1      | 659 ||| DROPPING +0 leather armour.
   660 | D:1      | 660 ||| READING scroll labelled JIQUFITTIE.
   661 | D:1      | 661 ||| DROPPING scroll of butterflies.
   737 | D:2      | Reached skill level 1 in Armour
   880 | D:2      | 880 ||| DROPPING +0 sling of flaming.
  1064 | D:2      | HP: 4/22 [adder (2)]
  1064 | D:2      | HP: 1/22 [kobold/+0 short sword (3)]
  1068 | D:2      | Slain by a quokka

Levels and vault maps discovered:
D:1:      wander_arrival_desolate, layout_loops_ring, minmay_split_cup_small
D:2:      layout_basic, minmay_pentomino_t4

Skill      XL: |  1  2  3 |
---------------+----------+-----
Ranged Weapons | 5 |  5.0
Armour         | 1 |  1.0
Fighting       | |  2.6
Dodging        | |  1.5
Stealth        | |  1.1

Action                     || total
---------------------------++-------
   Fire: Shortbow          ||   160
    Use: Scroll            ||     1
 Armour: Leather armour    ||    49
         Ring mail         ||    44
  Dodge: Dodged            ||    88

Table legend:
 A = Non-vault XP
 B = Vault XP
 C = Vault XP percentage of total XP
 D = Non-vault monster count
 E = Vault monster count
 F = Vault count percentage of total count
                 A         B        C        D         E       F
            +---------+---------+-------+---------+---------+-------
      Total |      65 |      16 |  19.8 |      38 |       4 |   9.5
            +---------+---------+-------+---------+---------+-------
        D:1 |      39 |       3 |   7.1 |      23 |       3 |  11.5
        D:2 |      26 |      13 |  33.3 |      15 |       1 |   6.2
            +---------+---------+-------+---------+---------+-------
